[Event "ICC tourney 2691 (75 10)"]
[Site "Internet Chess Club"]
[Date "2021.09.26"]
[Round "6"]
[White "DORASZELSKI, ALEXANDER:alexdora"]
[Black "CHENG, Claire:Clairehouses"]
[Result "1-0"]
[ICCResult "Black checkmated"]
[WhiteElo "1834"]
[BlackElo "1809"]
[Opening "Sicilian: Alapin's variation (2.c3)"]
[ECO "B22"]
[NIC "SI.47"]
[Time "18:00:16"]
[TimeControl "4500+10"]

1. e4 c5 2. c3 Nf6 3. e5 Nd5 4. d4 cxd4 5. Nf3 Nc6 6. cxd4 e6 7. a3 d6 8.
Bd3 Be7 9. O-O O-O 10. Qe2 a6 11. Rd1 b5 12. Qc2 Bb7 13. Bxh7+ Kh8 14. Be4
Rc8 15. Qe2 Na5 16. Ng5 g6 17. Qg4 Kg8 18. Qh4 Bxg5 19. Bxg5 f6 20. exf6
Nxf6 21. Bxg6 Rc7 22. Nd2 Rg7 23. Be4 d5 24. Bf3 Nc6 25. Bh6 Rh7 26. Qg5+
Kh8 27. Bxf8 Qxf8 28. Nf1 Rg7 29. Qh6+ Nh7 30. Ng3 Qf7 31. Bh5 Qg8 32. Rac1
Rg5 33. Rc3 Rg7 34. Re3 Nd8 35. Rf3 Nc6 36. Rf6 Nd8 37. Rg6 Nf7 38. Qxg7+
Qxg7 39. Rxg7 Kxg7 40. Bxf7 Kxf7 41. Rc1 Kg6 42. Rc7 Ba8 43. Ra7 Bc6 44.
Rxa6 Be8 45. Rxe6+ Kf7 46. Rxe8 Kxe8 47. Kf1 Kd7 48. Ke2 Ke6 49. Kd3 Nf6 50.
f3 Kd6 51. h4 Kc6 52. h5 Kb6 53. b4 Kc6 54. h6 Nh7 55. Nf5 Kd7 56. f4 Ke6
57. g4 Kf6 58. Nd6 Kg6 59. g5 Nf8 60. Ke3 Nh7 61. Kf3 Nf8 62. Kg4 Nh7 63.
f5# {Black checkmated} 1-0

[Event "ICC tourney 2691 (75 10)"]
[Site "Internet Chess Club"]
[Date "2021.09.26"]
[Round "6"]
[White "OPASKA, MICHAEL:mopaska1106"]
[Black "TAO, SIHAN:K06-16931716"]
[Result "0-1"]
[ICCResult "White resigns"]
[WhiteElo "1845"]
[BlackElo "1690"]
[Opening "Nimzo-Indian: Reshevsky variation"]
[ECO "E46"]
[NIC "NI.10"]
[Time "18:00:19"]
[TimeControl "4500+10"]

1. d4 Nf6 2. c4 e6 3. Nc3 Bb4 4. e3 O-O 5. Ne2 d5 6. g3 dxc4 7. Bg2 c5 8.
O-O cxd4 9. exd4 Bxc3 10. bxc3 Nd5 11. Rb1 a6 12. a4 b6 13. Qc2 Bb7 14. h3
Nd7 15. Kh2 Qc7 16. Ng1 Bc6 17. Nf3 Rfb8 18. Ng5 N7f6 19. Ne4 Nxe4 20. Bxe4
Nf6 21. Bxc6 Qxc6 22. Bf4 Rb7 23. Rfe1 Nd5 24. Bd2 b5 25. f4 Nf6 26. Re5 Qf3
27. Be1 Rab8 28. a5 Qd3 29. Qxd3 cxd3 30. Re3 Nd5 31. Rxd3 Rc8 32. Kg2 Rbc7
33. Rb3 Rc4 34. Ra3 g6 35. Kf2 h5 36. h4 Kg7 37. Kf3 Nf6 38. Bd2 Rd8 39. Ke2
Ng4 40. Be3 Rd5 41. Rd1 Kf8 42. Rb1 Ke7 43. Rb4 Nxe3 44. Kxe3 Rdxd4 45. cxd4
Rxb4 46. Rc3 Rc4 {White resigns} 0-1

[Event "ICC tourney 2691 (75 10)"]
[Site "Internet Chess Club"]
[Date "2021.09.26"]
[Round "6"]
[White "BRUDNO, STEPHEN:StevChess01"]
[Black "BROCKHOUSE, JOHN:bbrockva"]
[Result "1/2-1/2"]
[ICCResult "Game drawn by mutual agreement"]
[WhiteElo "1672"]
[BlackElo "1343"]
[Opening "QGD semi-Slav"]
[ECO "D43"]
[NIC "SL.03"]
[Time "18:00:23"]
[TimeControl "4500+10"]

1. d4 d5 2. c4 c6 3. Nf3 Nf6 4. Nc3 e6 5. Bg5 h6 6. Bxf6 Qxf6 7. e3 Bd6 8.
Bd3 Nd7 9. O-O dxc4 10. Bxc4 b5 11. Bb3 O-O 12. e4 Qe7 13. e5 Bb8 14. g3 a6
15. Ne4 Bb7 16. Rc1 Rc8 17. Nc5 Nxc5 18. dxc5 Rd8 19. Qc2 a5 20. a3 Bc7 21.
Ba2 Rd7 22. Bb1 g6 23. b4 Rad8 24. Qe4 Qf8 25. g4 Qg7 26. h3 Rd5 27. Rfe1
R8d7 28. Qe2 Rd8 29. Be4 R5d7 30. Bc2 Rd5 31. Kh1 Kf8 32. Bb1 R5d7 33. Rc3
Ke7 34. Re3 Kf8 35. Rg1 Ke7 36. h4 Rh8 37. h5 g5 38. Rd1 Rhd8 39. Rxd7+ Rxd7
40. Kg2 Rd5 41. Ba2 Rd7 42. Bb3 a4 43. Bc2 Rd5 44. Bb1 Rd7 45. Re4 Rd5 46.
Ba2 Rd7 47. Kh3 Qh8 48. Kg2 Qd8 49. Bb1 Qh8 50. Bc2 Rd5 51. Kf1 Qd8 52. Re3
Qh8 53. Ke1 Qd8 {Game drawn by mutual agreement} 1/2-1/2